 Dungeon Crawl Stone Soup version 0.31-a0-486-g8d68a81214 (webtiles) character file.

Game seed: 13093030210742301399

7701 Newt the Mimic (level 11, -13/86 HPs)
             Began as a Merfolk Gladiator on Aug 7, 2023.
             Was a Believer of the Shining One.
             Mangled by a gnoll
             ... wielding a +0 halberd
             ... led by a gnoll sergeant
              (15 damage)
             ... on level 8 of the Dungeon.
             The game lasted 00:07:54 (8619 turns).

Newt the Mimic (Merfolk Gladiator)                  Turns: 8619, Time: 00:07:55

Health: -13/86     AC:  4    Str: 24    XL:     11   Next: 19%
Magic:  11/11      EV: 14    Int:  7    God:    the Shining One [**....]
Gold:   424        SH:  0    Dex: 16    Spells: 10/10 levels left

rFire   . . .        a - +10 dark maul {heavy}
rCold   . . .        (shield currently unavailable)
rNeg    + . .        G - +1 leather armour of the Hammering Gods {Str+5}
rPois   .            c - melded +0 helmet
rElec   .            n - melded +0 cloak
rCorr   .            (gloves currently unavailable)
SInv    .            (boots currently unavailable)
Will    .....        (no amulet)
Stlth   +            (no ring)
HPRegen 0.34/turn    (no ring)
MPRegen 0.12/turn

%: no passive effects
@: beast-form, glowing
A: beast (slay +7), (nimble swimmer 2), mertail
a: Begin Untransformation, Renounce Religion, Divine Shield


You were on level 8 of the Dungeon.
You worshipped the Shining One.
The Shining One was pleased with you.
You were a hulking beast.
You visited 1 branch of the dungeon, and saw 8 of its levels.
You also visited: Sewer.

You collected 424 gold pieces.

Inventory:

Hand Weapons
 a - the +10 dark maul (weapon) {heavy}
   (You took it off a two-headed ogre on level 8 of the Dungeon)
 b - the +9 hammer of Objectivity {venom, rElec rPois rC++ Int-5}
   (You found it on level 2 of the Dungeon)

   Int:       It affects your intelligence (-5).
   rC:        It greatly protects you from cold.
   rElec:     It insulates you from electricity.
   rPois:     It protects you from poison.
 E - a +0 heavy trident
Missiles
 e - a javelin
 q - a throwing net (quivered)
Armour
 c - a +0 helmet (melded)
 d - a +1 leather armour
 n - a +0 cloak (melded)
 C - the +1 helmet "Voddaree" {Rampage Str-4 Stlth+}
   (You found it on level 7 of the Dungeon)

   Str:       It affects your strength (-4).
   Rampage:   It bestows one free step when moving towards enemies.
   Stlth:     It makes you more stealthy.
 G - the +1 leather armour of the Hammering Gods (worn) {Str+5}
   (You found it on level 8 of the Dungeon)

   Str:       It affects your strength (+5).
Jewellery
 r - an amulet of faith
 D - a ring of fire
Talismans
 m - a beast talisman (active)
Wands
 o - a wand of flame (5)
 t - a wand of roots (4)
 w - a wand of charming (16)
 y - a wand of polymorph (7)
Scrolls
 i - 2 scrolls of fog
 u - 2 scrolls of blinking
 x - 2 scrolls of teleportation
 z - a scroll of summoning
 B - a scroll of amnesia
Potions
 f - 2 potions of resistance
 g - a potion of degeneration {unknown}
 h - a potion of enlightenment
 j - 3 potions of mutation
 k - 4 potions of curing
 l - 2 potions of attraction {unknown}
 p - 2 potions of brilliance
 s - a potion of berserk rage
 A - a potion of lignification {unknown}
 F - 2 potions of invisibility {unknown}
Miscellaneous
 v - a lightning rod (3/4)


   Skills:
 - Level 8.0 Fighting
 - Level 10.0 Maces & Flails
 - Level 5.6 Polearms
 - Level 2.0 Throwing
 + Level 5.4 Dodging
 - Level 10.0 Shapeshifting


You had 10 spell levels left.
You didn't know any spells.
Your spell library contained the following spells:

 Spells                   Type           Power      Damage    Failure   Level
 Frozen Ramparts          Ice            0%         1d1       85%         3
 Gell's Gravitas          Tloc           0%         N/A       85%         3
 Teleport Other           Tloc           0%         N/A       85%         3
 Petrify                  Tmut/Erth      0%         N/A       99%         4
 Metabolic Englaciation   Hex/Ice        0%         N/A       100%        5
 Dispersal                Tloc           0%         N/A       100%        6


Dungeon Overview and Level Annotations

Branches:
Dungeon (8/15)             Temple (0/1) D:6           Sewer (visited)
   Lair: D:8-11

Altars:
Nemelex Xobeh
Sif Muna
Uskayaw
Wu Jian
The Shining One

Shops:
D:5 :

Annotations:
D:8 3 runed translucent doors, CraigForest's ghost, novice GrFi


Innate Abilities, Weirdness & Mutations

You are a hulking beast.
Your limbs bulge with bestial killing power. (Slay +7)
((You are very nimble when in or above water. (Stealth+, EV+, Speed+++)))
Your lower body shifts to a powerful aquatic tail in water.


Message History

The gnoll hits you from afar with a +0 halberd!
The orc wizard gestures at you while chanting.
You are confused.
You barely miss the orc wizard.
You feel very sick. The gnoll closely misses you.
The orc wizard gestures at you while chanting.
The puff of flame hits you. The gnoll closely misses you.
The orc wizard points at you and mumbles some strange words.
You easily resist.
The gnoll barely misses you.
The orc wizard casts a spell.
The orc wizard flickers and vanishes for a moment.
You crush the orc wizard like a grape!!!!
You kill the orc wizard!
You feel very sick.
The gnoll hits you from afar with a +0 halberd!
* * * LOW HITPOINT WARNING * * *
The gnoll misses you. x2; The gnoll closely misses you.
The gnoll hits you from afar with a +0 halberd.
* * * LOW HITPOINT WARNING * * *
You're too confused to move!
You feel sick.
You are no longer poisoned.
The gnoll hits you with a +0 flail.
* * * LOW HITPOINT WARNING * * *
The gnoll hits you from afar with a +0 halberd.
* * * LOW HITPOINT WARNING * * *
Unknown command.
You feel less confused.
Unknown command.
The gnoll attacks as you move away! The gnoll barely misses you.
You hammer the gnoll like a gong!!!
You kill the gnoll!
The gnoll hits you from afar with a +0 halberd!
* * * LOW HITPOINT WARNING * * *
Unknown command.
It was a potion of curing.
You feel better. The gnoll barely misses you.
The gnoll hits you from afar with a +0 halberd!
* * * LOW HITPOINT WARNING * * *
The gnoll hits you with a +0 halberd!
You die...

#.....g.#.#######.
#..###......#
#.....##......... #.##
######.# .###...#
#.........##.## #.#
....#'# #''########o..#
#.# . #...##
#..(O.o...'.#.# #.#
..#...o# #.........'.#.#
#.#
#.#..#g#############.#.#
#.#
#....#.#)...o.##.##..#.#
#.#
###..#...####.##h##.##.#
#..
..............og.#..##.#
###
.####.##.####.####.###.#
#.##(.....# #..#..#
#.######### ##...## #.#
##### #.# #.# #########
# #.# #........


You could see a gnoll and an orc.

Vanquished Creatures
  2 two-headed ogres
  An orc knight (D:8)
  2 cyclopes (D:8)
  Prince Ribbit (D:8)
  3 wyverns (D:8)
  5 yaks (D:8)
  Menkaure (D:7)
  An acid dragon (D:8)
  2 orc warriors
  6 sky beasts
  2 black bears
  2 ice beasts
  4 kobold brigands
  2 bullfrogs
  A gnoll sergeant (D:8)
  6 scorpions
  14 wights
  5 hounds
  2 jellies
  5 sleepcaps
  2 orc priests
  Crazy Yiuf (D:2)
  7 iguanas
  Ijyb (D:4)
  5 orc wizards
  6 gnolls
  9 adders
  A river rat (D:4)
  A shadow imp (D:6)
  3 white imps
  6 worms
  11 orcs
  13 ball pythons
  6 bats
  14 endoplasms
  14 giant cockroaches
  6 goblins
  11 hobgoblins
  8 jackals
  20 kobolds
  5 quokkas
  12 frilled lizards
  3 rats
232 creatures vanquished.

Notes
Turn   | Place    | Note
-------+----------+-------------------------------------------
     0 | D:1      | Newt the Merfolk Gladiator began the quest for the Orb.
     0 | D:1      | Reached XP level 1. HP: 16/16 MP: 1/1
    85 | D:1      | Reached XP level 2. HP: 9/23 MP: 2/2
   340 | D:1      | Found a faded altar of an unknown god.
   392 | D:1      | Reached XP level 3. HP: 30/30 MP: 3/3
  1095 | D:2      | Reached XP level 4. HP: 37/37 MP: 4/4
  1115 | D:2      | Reached skill level 5 in Polearms
  1299 | D:2      | Found a runed translucent door.
  1300 | D:2      | Noticed Crazy Yiuf
  1309 | D:2      | Killed Crazy Yiuf
  1311 | D:2      | Identified the +9 hammer of Objectivity {venom, rElec rPois
                  | rC++ Int-5}
  1646 | D:3      | Reached skill level 1 in Maces & Flails
  1662 | D:3      | Reached XP level 5. HP: 42/42 MP: 5/5
  2071 | D:3      | Found a sparkling altar of Nemelex Xobeh.
  2296 | D:3      | Found a glowing golden altar of the Shining One.
  2300 | D:3      | Became a worshipper of the Shining One
  2533 | D:4      | Found a glowing drain.
  2543 | D:4      | Reached XP level 6. HP: 48/48 MP: 6/6
  2568 | Sewer    | Entered a sewer
  2922 | D:4      | Reached XP level 7. HP: 54/54 MP: 7/7
  3081 | D:4      | Reached skill level 5 in Maces & Flails
  3331 | D:4      | Noticed Ijyb
  3341 | D:4      | Killed Ijyb
  3499 | D:5      | Entered Level 5 of the Dungeon
  3543 | D:5      | Found Anojonog's Self-Improvement Boutique.
  3585 | D:5      | Reached skill level 1 in Shapeshifting
  3585 | D:5      | Reached XP level 8. HP: 57/60 MP: 8/8
  3852 | D:5      | Reached * piety under the Shining One
  3859 | D:5      | Reached skill level 5 in Shapeshifting
  4130 | D:5      | Found an ornate altar of the Wu Jian Council.
  4912 | D:6      | Reached XP level 9. HP: 49/65 MP: 9/9
  5176 | D:6      | Noticed a two-headed ogre
  5248 | D:6      | Killed a two-headed ogre
  5249 | D:6      | Reached skill level 10 in Shapeshifting
  5249 | D:6      | Reached skill level 5 in Fighting
  5560 | D:6      | Found a staircase to the Ecumenical Temple.
  6168 | D:7      | Found a shimmering blue altar of Sif Muna.
  6177 | D:7      | Noticed Menkaure
  6184 | D:7      | Killed Menkaure
  6318 | D:7      | Identified the +1 helmet "Voddaree" {Rampage Str-4 Stlth+}
  6450 | D:7      | Reached XP level 10. HP: 55/79 MP: 10/10
  6731 | D:8      | Reached ** piety under the Shining One
  6748 | D:8      | HP: 3/79 [wight/+5 halberd of freezing (13)]
  7202 | D:8      | Noticed a cyclops
  7211 | D:8      | Killed a cyclops
  7283 | D:8      | Noticed a cyclops
  7286 | D:8      | Noticed an orc knight
  7291 | D:8      | Killed a cyclops
  7291 | D:8      | Noticed a two-headed ogre
  7331 | D:8      | Killed an orc knight
  7677 | D:8      | Killed a two-headed ogre
  7872 | D:8      | Found a hide-covered altar of Uskayaw.
  7933 | D:8      | Reached XP level 11. HP: 72/86 MP: 11/11
  8351 | D:8      | Noticed Prince Ribbit
  8362 | D:8      | Killed Prince Ribbit
  8363 | D:8      | Reached skill level 10 in Maces & Flails
  8418 | D:8      | Identified the +1 leather armour of the Hammering Gods
                  | {Str+5}
  8474 | D:8      | Reached skill level 5 in Dodging
  8529 | D:8      | Found a runed translucent gate.
  8529 | D:8      | Found a runed translucent gate.
  8529 | D:8      | Found a runed translucent gate.
  8542 | D:8      | Noticed CraigForest's ghost (novice GrFi)
  8607 | D:8      | HP: 1/86 [gnoll/+0 halberd[a gnoll sergeant] (7)]
  8618 | D:8      | HP: 2/86 [gnoll/+0 halberd[a gnoll sergeant] (14)]
  8619 | D:8      | Mangled by a gnoll

Illustrated notes

Levels and vault maps discovered:
D:1:      dpeg_arrival_leaves_temple_mockup, layout_loops_ring,
          shapermc_ecumenical_altar_mp_urbaneastern
D:2:      layout_rooms, item_on_display_a, uniq_crazy_yiuf_cottage
D:3:      layout_basic, mainiacjoe_overflow_big_doors, minivault_11,
          minivault_4, kennysheep_another_room, kennysheep_generic_room_7
D:4:      layout_loops_cross, portal_sewer_entry_a, minmay_increasing_density,
          uniq_ijyb
D:5:      layout_basic, nzn_wu_jian_council_hall, grunt_ministairs_12,
          nicolae_shop_self_help
D:6:      minmay_chambers_of_fours, layout_cave_pools, temple_green,
          kennysheep_generic_room_12
D:7:      layout_basic, nicolae_sif_muna_condensation, uniq_menkaure
D:8:      layout_loops_corners, mainiacjoe_overflow_alcove_4,
          gammafunk_ghost_spectres, minmay_misc_feat_columns,
          hellmonk_guarded_unrand_dark_maul, uniq_prince_ribbit1

Skill      XL: |  1  2  3  4  5  6  7  8  9 10 11 |
---------------+----------------------------------+-----
Fighting       | 3 4 7 8 |  8.0
Polearms       | 5 |  5.6
Maces & Flails | 1 2 4 6 9 10 | 10.0
Shapeshifting  | 1 7 10 | 10.0
Dodging        | 5 |  5.4
Throwing       | |  2.0

Action                     |  1- 3 |  4- 6 |  7- 9 | 10-12 || total
---------------------------+-------+-------+-------+-------++-------
  Melee: Trident           |   124 |    27 |       |       ||   151
         Mace              |       |   132 |   177 |    60 ||   369
         Punch             |       |     1 |     2 |     1 ||     4
         Tailslap          |       |     1 |       |       ||     1
         Maul              |       |       |       |    36 ||    36
  Throw: Throwing net      |       |     4 |     1 |     1 ||     6
  Evoke: Lightning rod     |       |       |       |     3 ||     3
    Use: Scroll            |       |    12 |     7 |     1 ||    20
         Potion            |       |       |       |     1 ||     1
   Stab: Sleeping          |     1 |     2 |       |       ||     3
         Distracted        |     1 |       |       |       ||     1
 Armour: Leather armour    |    36 |    44 |    33 |    14 ||   127
  Dodge: Dodged            |    77 |   138 |   116 |    86 ||   417
   Form: Beast             |       |       |     1 |       ||     1

Table legend: (Time is in decaauts)
 A = Elapsed time spent in this place.
 B = Non-inter-level travel time spent in this place.
 C = Inter-level travel time spent in this place.
 D = Time resting spent in this place.
 E = Time spent auto-exploring this place.
 F = Levels seen in this place.
 G = Mean time per level.
                   A        B        C        D        E       F      G
               +--------+--------+--------+--------+--------+-----+--------+
         Total |   8706 |   8495 |    211 |   1790 |   5239 |   9 |  967.3 |
       Dungeon |   8420 |   8209 |    211 |   1790 |   5061 |   8 | 1052.5 |
         Sewer |    285 |    285 |      0 |      0 |    178 |   1 |  285.0 |
               +--------+--------+--------+--------+--------+-----+--------+

Top non-repeatable levels by time:
     D:8: 1650 daAuts
     D:6: 1307 daAuts
     D:5: 1237 daAuts
     D:7: 1001 daAuts
     D:3: 918 daAuts
     D:4: 883 daAuts
     D:1: 783 daAuts
     D:2: 637 daAuts
   Sewer: 285 daAuts
